Map: Ruínas de Endion

Players

TheZergLord - Winner!

  • Race: Zerg Zerg
  • League: Master

Psych

  • Race: Terran Terran
  • League: Master

VOD

Have the link to the VOD?

Description

Time

  • Played on: May 4, 2016, 12:36 p.m.
  • Length: 7:20
Show
View Real Time Build Order
Export as new Build Order

TheZergLord Zerg - Winner!

Build Orders: Hatch First, Roach Nydus 

Get SALT Encoding   

  12  0:01  Drone  
  13  0:13  Overlord  
  13  0:17  Drone  
  14  0:31  Drone x2  
  16  0:36  Drone  
  17  0:52  Hatchery  
  17  0:56  Drone  
  17  1:10  Spawning Pool  
  16  1:12  Drone  
  16  1:14  Extractor  
  16  1:17  Drone  
  17  1:21  Drone  
  18  1:29  Drone  
  19  1:43  Overlord  
  19  1:51  Drone  
  20  1:59  Queen, Roach Warren  
  21  2:02  Zergling x2  
  21  2:04  Zergling x2  
  23  2:13  Queen  
  25  2:17  Overlord  
  25  2:40  Roach x4  
  33  2:44  Roach  
  33  2:48  Roach  
  37  2:54  Roach  
  37  2:58  Roach  
  41  3:04  Drone  
  40  3:24  Drone  
  40  3:25  Drone x2  
  40  3:26  Overlord x2  
  43  3:34  Lair  
  43  3:43  Overlord  
  43  3:45  Drone  
  43  3:46  Drone x2  
  46  3:54  Drone x3  
  49  3:56  Drone  
  49  4:02  Drone x2  
  52  4:05  Drone  
  52  4:07  Drone  
  54  4:14  Drone x2  
  54  4:15  Drone  
  57  4:18  Extractor  
  57  4:19  Extractor  
  57  4:23  Queen  
  57  4:30  Drone x4  
  61  4:32  Drone  
  62  4:45  Overlord x2  
  62  4:46  Nydus Network  
  61  4:54  Overlord  
  61  4:58  Overlord  
  61  5:03  Queen  
  61  5:06  Roach x3  
  69  5:09  Roach  
  71  5:15  Roach  
  71  5:16  Roach  
  75  5:22  Roach x3  
  75  5:27  Roach  
  83  5:36  Nydus Canal  
  83  5:40  Roach x4  
  91  5:44  Overseer  
  91  5:47  Overlord  
  77  6:07  Roach x2  
  77  6:08  Roach x2  
  67  6:31  Queen  
  67  6:32  Queen  
  69  6:35  Roach x5  
Show
View Real Time Build Order
Export as new Build Order

Psych Terran 

Build Orders:  

Get SALT Encoding   

  12  0:00  SCV  
  13  0:13  SCV  
  14  0:20  Supply Depot  
  14  0:26  SCV  
  15  0:42  Barracks, SCV  
  16  0:46  Refinery  
  16  0:58  Barracks  
  16  1:01  SCV  
  17  1:07  Refinery  
  17  1:13  SCV  
  18  1:29  Orbital Command  
  18  1:30  Reaper  
  19  1:46  Reaper  
  20  1:50  Bunker  
  20  1:55  SCV  
  21  2:01  Supply Depot  
  21  2:05  Reaper  
  22  2:18  Reaper  
  23  2:23  SCV  
  24  2:35  SCV  
  25  2:39  Reaper  
  26  2:47  SCV  
  27  2:54  Reaper  
  28  2:58  Command Center  
  28  2:59  SCV  
  29  3:09  Bunker  
  29  3:11  Barracks  
  28  3:24  SCV  
  28  3:28  Marine  
  28  3:29  Barracks Tech Lab  
  29  3:39  Bunker  
  29  3:42  Factory  
  29  3:46  Marine  
  29  3:47  Supply Depot  
  30  3:56  Stimpack  
  30  4:01  SCV  
  31  4:08  Marine x2  
  31  4:09  Marauder  
  35  4:14  Orbital Command  
  35  4:19  SCV  
  36  4:27  Factory Tech Lab  
  36  4:29  Starport  
  36  4:30  Marine  
  37  4:36  SCV  
  38  4:41  SCV  
  38  4:45  Barracks Reactor  
  39  4:48  SCV  
  39  4:52  Siege Tank  
  43  4:53  Barracks Reactor  
  43  5:02  SCV  
  43  5:05  Orbital Command  
  44  5:16  Command Center  
  44  5:20  Marauder  
  46  5:22  Marine x2  
  48  5:28  Medivac  
  48  5:30  SCV x2  
  52  5:41  Marine x2  
  54  5:53  SCV  
  52  5:57  Marauder  
  41  6:06  Marine x4  
  38  6:11  SCV  
  37  6:18  Marauder  
  37  6:23  Marine  
  37  6:24  Marine x3, SCV  
  24  6:40  Marauder  
  24  6:41  Marine x3  
  24  6:42  Marine  
  24  6:44  SCV  
  24  6:45  SCV  
  25  6:59  Marine x4  
  25  7:01  Marine  
Tags
 
Add a new tag
Caveats
  • Supply blocks, unpowered buildings, or Contaminate may cause inaccurate times.
  • Supply counts are checked every 10 seconds.